 Dungeon Crawl Stone Soup version 0.28.0-53-g5a82cb258f (webtiles) character file.

Game seed: 13646423211093162615

39 Sin92 the Skirmisher (level 3, -1/29 HPs)
             Began as a Demonspawn Fighter on July 9, 2022.
             Slain by an iguana (8 damage)
             ... on level 2 of the Dungeon.
             The game lasted 00:01:24 (1234 turns).

Sin92 the Skirmisher (Demonspawn Fighter)           Turns: 1234, Time: 00:01:25

Health: -1/29      AC:  6    Str: 16    XL:     3   Next: 26%
Magic:  4/4        EV:  9    Int:  9    God:
Gold:   95         SH:  5    Dex: 14    Spells: 3/3 levels left

rFire   . . .      SeeInvis .   g - +2 short sword (drain)
rCold   . . .      Faith    .   c - +0 buckler
rNeg    . . .      Spirit   .   b - +0 scale mail
rPois   .          Reflect  .   (no helmet)
rElec   .          Harm     .   (no cloak)
rCorr   .          Rampage  .   (no gloves)
Will    .....                   (no boots)
Stlth   ..........              (no amulet)
HPRegen 0.09/turn               (no ring)
MPRegen 0.09/turn               (no ring)

@: no status effects
A: demonic touch 1
a: no special abilities


You were on level 2 of the Dungeon.
You visited 1 branch of the dungeon, and saw 2 of its levels.

You collected 95 gold pieces.

Inventory:

Hand Weapons
 a - a +0 war axe
 g - a +2 short sword of draining (weapon)
Armour
 b - a +0 scale mail (worn)
 c - a +0 buckler (worn)
Scrolls
 f - a scroll of holy word {unknown}
 i - a scroll of enchant armour {unknown}
 j - 2 scrolls of noise {unknown}
 l - 2 scrolls of identify {unknown}
Potions
 d - a potion of might
 e - 2 potions of brilliance {unknown}
 h - a potion of heal wounds {unknown}
 k - a potion of flight {unknown}


   Skills:
 + Level 3.1 Fighting
 * Level 0.7 Short Blades
 - Level 2.1 Axes
 + Level 2.9 Armour
 + Level 0.3 Dodging
 + Level 0.5 Stealth
 + Level 2.9 Shields
 + Level 0.7 Spellcasting


You had 3 spell levels left.
You didn't know any spells.
Your spell library contained the following spells:

 Spells                   Type           Power      Damage    Failure   Level
 Corpse Rot               Necr/Air       0%         N/A       95%         2
 Poisonous Vapours        Pois/Air       0%         N/A       95%         2
 Mephitic Cloud           Conj/Pois/Air  0%         N/A       99%         3
 Lightning Bolt           Conj/Air       0%         1d11      100%        5


Dungeon Overview and Level Annotations

Branches:
Dungeon (2/15)

Altars:


Innate Abilities, Weirdness & Mutations

Your touch may inflict minor irresistible damage on your foes.


Message History

No target in view!
Found a robe.
There is an open door here.
No target in view!
You open the door.
There is an open door here.
A hobgoblin comes into view.
The hobgoblin shouts!
A hobgoblin is nearby!
You hit the hobgoblin.
The hobgoblin is heavily wounded.
You block the hobgoblin's attack.
A hobgoblin is nearby!
You puncture the hobgoblin!
You kill the hobgoblin!
You see here a hobgoblin corpse.
An iguana comes into view.
The iguana hisses angrily.
An iguana is nearby!
The iguana bites you!
An iguana is nearby!
You completely miss the iguana. The iguana bites you.
An iguana is nearby!
You hit the iguana.
The iguana is lightly wounded.
The iguana bites you!
* * * LOW HITPOINT WARNING * * *
An iguana is nearby!
You are too injured to fight recklessly!
An iguana is nearby!
You are too injured to fight recklessly!
An iguana is nearby!
You are too injured to fight recklessly!
You hit the iguana.
The iguana is heavily wounded.
The iguana misses you.
You barely miss the iguana.
The iguana is heavily wounded.
The iguana bites you!
You die...

### ## #.. .. .. #
#.# .#..#
#.#.##.#..#
#####.#.......#
#.....l........
#@....... #..####.#
#..#### #..†..#
#.###.#
#.#####.##########
##.......#........#
.........#.######.#
########.#.# ###.#


You could see an iguana.

Vanquished Creatures
  2 bats
  An endoplasm (D:1)
  3 giant cockroaches
  A goblin (D:2)
  A hobgoblin (D:2)
  7 jackals
  2 kobolds (D:1)
  4 quokkas (D:1)
  6 ball pythons
  3 frilled lizards
  4 rats
34 creatures vanquished.

Notes
Turn   | Place    | Note
-------+----------+-------------------------------------------
     0 | D:1      | Sin92 the Demonspawn Fighter began the quest for the Orb.
     0 | D:1      | Reached XP level 1. HP: 18/18 MP: 1/1
    56 | D:1      | Found a faded altar of an unknown god.
   291 | D:1      | Gained mutation: Your touch may inflict minor irresistible
                  | damage on your foes. [demonic ancestry]
   291 | D:1      | Reached XP level 2. HP: 21/24 MP: 2/2
   384 | D:1      | Got Sif Muna's Grimoire of the Lethal Birds
   968 | D:2      | Reached XP level 3. HP: 29/29 MP: 3/3
  1234 | D:2      | Slain by an iguana

Illustrated notes

Levels and vault maps discovered:
D:1:      saegor_arrival_simple_a, layout_loops_cross,
          chequers_ecumenical_altar_island, minmay_tiny_reverse_x
D:2:      layout_basic

Skill      XL: |  1 |
---------------+----+-----
Axes           | 2 |  2.1
Fighting       | |  3.1
Short Blades   | |  0.7
Armour         | |  2.9
Dodging        | |  0.3
Stealth        | |  0.5
Shields        | |  2.9
Spellcasting   | |  0.7

Action                   || total
-------------------------++-------
Melee: War axe           ||    27
       Short sword       ||    64
Armor: Scale mail        ||    41
Dodge: Dodged            ||    39
Block: Buckler           ||    30
